 Dungeon Crawl Stone Soup version 0.32-a0-893-gf85d74f360 (webtiles) character file.

Game seed: 16772194491452798488

1822161 RBrandon the Bringer of Blasphemy (level 27, 268/268 HPs)
             Began as a Naga Alchemist on Apr 2, 2024.
             Was the Champion of Yredelemnul.
             Escaped with the Orb
             ... and 3 runes on Apr 3, 2024!
             The game lasted 04:05:49 (60184 turns).

RBrandon the Bringer of Blasphemy (Naga Alchemist) Turns: 60184, Time: 04:05:49

Health: 268/268    AC: 39    Str:  9    XL:     27
Magic:  66/66      EV: 22    Int: 30    God:    Yredelemnul [******]
Gold:   3619       SH:  0    Dex: 18    Spells: 1/58 levels left

rFire   + + +        v - +8 pair of quick blades "Gyre" and "Gimble" {protect}
rCold   + . .        (shield currently unavailable)
rNeg    + . .        t - +5 moon troll leather armour {Spirit, Regen++ MP+5}
rPois   +            w - +2 hood of the Assassin {Detect Stab+ Stlth++}
rElec   +            L - +2 cloak
rCorr   .            u - +2 pair of gloves
SInv    +            O - +0 barding of Absence {Will+ MP+9 Dex+3}
Will    ++++.        S - amulet of the Air {Inacc Air Fly rElec RMsl}
Stlth   ++++++       T - ring of Emmyng {rF+ rN+ MP+9}
HPRegen 2.24/turn    U - ring of the Genius {rF+ rC+ EV+5}
MPRegen 0.40/turn

%: inaccuracy (-5), repel missiles, guardian spirit
@: flying, wreathed by umbra, studying 3 skills, very slow
A: AC +9, large, see invisible, deformed body, poison resistance, slowness 2,
spit poison 1, naga tail 2, iridescent scales 2, clever 1, fire resistance 1
0: Orb of Zot
}: 3/15 runes: barnacled, silver, gossamer
a: Spit Poison, Renounce Religion, Light the Black Torch, Recall Undead Harvest,
Hurl Torchlight, Bind Soul, Fathomless Shackles


You escaped.
You worshipped Yredelemnul.
Yredelemnul was greatly pleased with you.
You visited 11 branches of the dungeon, and saw 49 of its levels.
You visited 2 bazaars.
You visited 1 ziggurat, and saw 6 of its levels.
You also visited: Bailey, Ice Cave, Volcano and Wizlab.

You collected 7088 gold pieces.
You spent 3469 gold pieces at shops.

Inventory:

Hand Weapons
 v - the +8 pair of quick blades "Gyre" and "Gimble" (weapon) {protect}
   (You found it on level 3 of the Vaults)
Missiles
 a - 8 throwing nets
Armour
 t - the +5 moon troll leather armour (worn) {Spirit, Regen++ MP+5}
   (You took it off a deep elf zephyrmancer on level 3 of the Elven Halls)

   MP+5:      It affects your magic capacity (+5).
   Regen++:   It increases your rate of health regeneration.
 u - a +2 pair of gloves (worn)
 w - the +2 hood of the Assassin (worn) {Detect Stab+ Stlth++}
   (You found it on level 5 of the Vaults)

   Detect:    It allows the wearer to sense nearby creatures.
   Stab+:     It allows the wearer to make particularly effective stabbing
   attacks against helpless or unaware enemies with any weapon.
   Stlth++:   It makes you much more stealthy.
 L - a +2 cloak (worn)
 O - the +0 barding of Absence (worn) {Will+ MP+9 Dex+3}
   (You acquired it on level 2 of the Orcish Mines)

   Dex+3:     It affects your dexterity (+3).
   Will+:     It increases your willpower.
   MP+9:      It affects your magic capacity (+9).
Jewellery
 c - the ring "Haxaid" {rC+ rCorr Str+3 SInv}
   (You took it off a goblin on level 3 of the Dungeon)

   [ring of protection from cold]

   Str+3:     It affects your strength (+3).
   rC+:       It protects you from cold.
   SInv:      It lets you see invisible.
   rCorr:     It protects you from acid and corrosion.
 i - the brooch of Shielding {Spirit SH+8}
   (You found it on level 5 of a ziggurat)

   [amulet of guardian spirit]

   Spirit:    It causes incoming damage to be divided between your reserves of
   health and magic.
   SH+8:      It affects your SH (+8).
 p - the ring of Oheuzump {Will+ rCorr}
   (You found it on level 14 of the Dungeon)

   [ring of willpower]

   Will+:     It increases your willpower.
   rCorr:     It protects you from acid and corrosion.
 q - the ring of the Raven {Fly Str+3 Dex+2}
   (You found it on level 3 of the Elven Halls)

   [ring of flight]

   Str+3:     It affects your strength (+3).
   Dex+2:     It affects your dexterity (+2).
   Fly:       It grants you flight.
 P - a +5 ring of evasion
 R - a +6 ring of intelligence
 S - the amulet of the Air (around neck) {Inacc Air Fly rElec RMsl}
   (You found it on level 3 of the Depths)

   [amulet of nothing]

   Inacc:     It reduces the accuracy of your attacks and spells.
   Air:       It enhances your air magic.
   rElec:     It insulates you from electricity.
   Fly:       It grants you flight.
   RMsl:      It protects you from missiles.
 T - the ring of Emmyng (left hand) {rF+ rN+ MP+9}
   (You took it off a vault guard on level 5 of the Vaults)

   [ring of protection from fire]

   rF+:       It protects you from fire.
   rN+:       It protects you from negative energy.
   MP+9:      It affects your magic capacity (+9).
 U - the ring of the Genius (right hand) {rF+ rC+ EV+5}
   (You bought it in a shop on level 2 of the Orcish Mines)

   [ring of evasion]

   EV+5:      It affects your evasion (+5).
   rF+:       It protects you from fire.
   rC+:       It protects you from cold.
 X - the ring "Ruizaosu" {rElec rF+}
   (You took it off a vault guard on level 5 of the Vaults)

   [ring of protection from fire]

   rF+:       It protects you from fire.
   rElec:     It insulates you from electricity.
Wands
 f - a wand of mindburst (31)
 B - a wand of digging (15)
 E - a wand of acid (53)
 H - a wand of warping (52)
 M - a wand of polymorph (21)
 N - a wand of charming (47)
Scrolls
 g - 10 scrolls of enchant weapon
 l - 12 scrolls of immolation
 o - 4 scrolls of vulnerability
 y - 6 scrolls of amnesia
 A - 10 scrolls of enchant armour
 C - 9 scrolls of blinking
 F - 5 scrolls of silence
 I - 17 scrolls of teleportation
 K - 8 scrolls of fog
 V - 10 scrolls of poison
Potions
 b - 7 potions of magic
 d - 11 potions of mutation
 e - 32 potions of curing
 h - 2 potions of might
 m - 10 potions of invisibility
 n - 11 potions of haste
 r - 6 potions of ambrosia
 s - 2 potions of resistance
 x - 5 potions of attraction
 D - 5 potions of cancellation
 Q - 5 potions of brilliance
 Y - 2 potions of berserk rage
 Z - 7 potions of heal wounds
Miscellaneous
 k - a condenser vane
 z - a sack of spiders (inert)
 G - a lightning rod (4/4)
 J - a phial of floods
 W - a phantom mirror (inert)


   Skills:
 + Level 19.8 Fighting
 - Level 14.0 Short Blades
 + Level 19.2 Armour
 * Level 17.8 Dodging
 - Level 18.3 Stealth
 - Level 8.9 Shields
 - Level 16.1 Spellcasting
 - Level 2.7 Conjurations
 - Level 11.8 Translocations
 - Level 3.0 Fire Magic
 - Level 9.4 Ice Magic
 - Level 2.3 Air Magic
 - Level 12.5 Alchemy
 + Level 22.0 Invocations
 - Level 5.2 Evocations


You had one spell level left.
You knew the following spells:

 Your Spells              Type           Power      Damage    Failure   Level
a - Vhi's Electric Charg  Tloc/Air       100%       N/A       1%          4
b - Yara's Violent Unrav  Hex/Alch       29%        3d12      4%          5
c - Passage of Golubria   Tloc           76%        N/A       1%          4
d - Dispersal             Tloc           38%        N/A       2%          6
e - Sticky Flame          Fire/Alch      63%        2d11      1%          4
f - Alistair's Intoxicat  Alch           52%        N/A       1%          5
g - Eringya's Noxious Bo  Alch           39%        4d6       1%          6
h - Blink                 Tloc           100%       N/A       1%          2
i - Irradiate             Conj/Alch      31%        3d22      2%          5
j - Ozocubu's Armour      Ice            69%        N/A       1%          3
k - Sculpt Simulacrum     Ice/Alch       37%        N/A       3%          6
l - Gell's Gavotte        Tloc           38%        2d(28-42) 2%          6
m - Apportation           Tloc           100%       N/A       1%          1

Your spell library contained the following spells:

 Spells                   Type           Power      Damage    Failure   Level
 Foxfire                  Conj/Fire      100%       2x1d9     1%          1
 Kiss of Death            Conj/Necr      100%       2d13      1%          1
 Magic Dart               Conj           100%       1d8       1%          1
 Sting                    Conj/Alch      100%       1d9       1%          1
 Necrotise                Necr           96%        1d8       2%          1
 Sandblast                Erth           48%        2d12      2%          1
 Slow                     Hex            96%        N/A       2%          1
 Summon Small Mammal      Summ           96%        N/A       2%          1
 Ensorcelled Hibernation  Hex/Ice        100%       N/A       1%          2
 Lesser Beckoning         Tloc           100%       N/A       1%          2
 Mercury Vapours          Alch/Air       100%       N/A       1%          2
 Momentum Strike          Conj/Tloc      100%       3d10      1%          2
 Searing Ray              Conj           80%        2d7       1%          2
 Static Discharge         Conj/Air       100%       3-8/arc   1%          2
 Frozen Ramparts          Ice            100%       1d16      1%          3
 Hailstorm                Conj/Ice       57%        3d11      1%          3
 Mephitic Cloud           Conj/Alch/Air  73%        N/A       1%          3
 Summon Ice Beast         Ice/Summ       51%        N/A       1%          3
 Volatile Blastmotes      Fire/Tloc      100%       2d18      1%          3
 Dimensional Bullseye     Hex/Tloc       28%        N/A       1%          4
 Fulminant Prism          Conj/Alch      31%        3d16      1%          4
 Iskenderun's Mystic Bla  Conj/Tloc      61%        2d13      (+2d71%     4
 Olgreb's Toxic Radiance  Alch           78%        N/A       1%          4
 Call Imp                 Summ           48%        N/A       3%          2
 Jinxbite                 Hex            48%        N/A       3%          2
 Inner Flame              Hex/Fire       33%        N/A       3%          3
 Stone Arrow              Conj/Erth      64%        3d11      3%          3
 Call Canine Familiar     Summ           24%        N/A       7%          3
 Confusing Touch          Hex            24%        N/A       7%          3
 Fugue of the Fallen      Necr           24%        N/A       7%          3
 Passwall                 Erth           24%        N/A       7%          3
 Sigil of Binding         Hex            24%        N/A       7%          3
 Tukima's Dance           Hex            24%        N/A       7%          3
 Vampiric Draining        Necr           24%        2d7       7%          3
 Airstrike                Air            27%        2d(4-20)  9%          4
 Freezing Cloud           Conj/Ice/Air   34%        6-21      9%          5
 Metabolic Englaciation   Hex/Ice        25%        N/A       9%          5
 Summon Blazeheart Golem  Fire/Summ      33%        N/A       12%         4
 Brom's Barrelling Bould  Conj/Erth      32%        2d5       13%         4
 Summon Lightning Spire   Summ/Air       47%        N/A       14%         4
 Manifold Assault         Tloc           38%        N/A       14%         7
 Fireball                 Conj/Fire      20%        3d10      19%         5
 Iskenderun's Battlesphe  Conj           40%        2d9       21%         5
 Anguish                  Hex/Necr       12%        N/A       22%         4
 Animate Armour           Summ/Erth      48%        N/A       22%         4
 Dispel Undead            Necr           24%        3d12      22%         4
 Martyr's Knell           Necr/Summ      24%        N/A       22%         4
 Arcjolt                  Conj/Air       28%        1d38      22%         5
 Permafrost Eruption      Ice/Erth       25%        2x4d6     43%         6
 Borgnjor's Vile Clutch   Necr/Erth      12%        N/A       52%         5
 Curse of Agony           Necr           24%        N/A       52%         5
 Lee's Rapid Deconstruct  Erth           12%        3d8*      52%         5
 Summon Mana Viper        Hex/Summ       24%        N/A       52%         5
 Starburst                Conj/Fire      20%        6d7       71%         6
 Conjure Ball Lightning   Conj/Air       28%        3x3d8     75%         6
 Plasma Beam              Fire/Air       28%        2x1d41    75%         6
 Disjunction              Tloc           38%        N/A       75%         8
 Bombard                  Conj/Erth      16%        9d3       89%         6
 Orb of Destruction       Conj           20%        9d8       99%         7
 Haunt                    Necr/Summ      12%        N/A       100%        7
 Monstrous Menagerie      Summ           12%        N/A       100%        7
 Spellforged Servitor     Conj/Summ      16%        N/A       100%        7
 Borgnjor's Revivificati  Necr           12%        N/A       100%        8
 Ignition                 Fire           21%        3d8       100%        8
 Infestation              Necr           12%        N/A       100%        8
 Lehudib's Crystal Spear  Conj/Erth      16%        10d5      100%        8
 Death's Door             Necr           12%        N/A       100%        9
 Fire Storm               Conj/Fire      20%        8d5       100%        9
 Animate Dead             Necr           Unusable   N/A       N/A         4

Dungeon Overview and Level Annotations

Branches:
Dungeon (15/15)            Temple (1/1) D:6            Lair (5/5) D:11
 Shoals (4/4) Lair:2       Spider (4/4) Lair:2        Slime (0/5) Lair:4
    Orc (2/2) D:9             Elf (3/3) Orc:2        Vaults (5/5) D:14
  Crypt (1/3) Vaults:3     Depths (4/4) D:15            Zot (5/5) Depths:4
 Bailey (visited)           IceCv (visited)         Volcano (visited)
 WizLab (visited)

Altars:
Ashenzari
Cheibriados
Dithmenos
Elyvilon
Fedhas
Gozag
Hepliaklqana
Kikubaaqudgha
Makhleb
Nemelex Xobeh
Okawaru
Qazlal
Ru
Sif Muna
Trog
Uskayaw
Vehumet
Wu Jian
Xom
Yredelemnul
Zin
The Shining One

Shops:
D:9 *   D:11 (   D:14 [   Orc:2 :=?*   Elf:1 [   Shoals:3 [   Vaults:3 !
Depths:1 :=:   Depths:3 =*

Portals:
Hell: Depths:1 Depths:2 Depths:3 Depths:4
Abyss: Depths:1 Depths:2 Depths:3
Pandemonium: Depths:2

Annotations:
D:4 1 runed translucent door, NotBatman's ghost, amateur MiBe
D:8 exclusion: door
Lair:3 2 transporters, lunkers's ghost, journeyman CoBe
Spider:2 3 runed translucent doors, Gopnoam's ghost, adept OnFi
Elf:2 3 runed translucent doors
Zot:4 1 transporter


Innate Abilities, Weirdness & Mutations

Your serpentine skin is tough. (AC +9)
You have supernaturally acute eyesight. (SInv)
Armour fits poorly on your strangely shaped body.
Your system is resistant to poisons. (rPois)
You cover ground very slowly.
You can spit poison.
You can use your snake-like lower body to constrict enemies.
You are mostly covered in iridescent scales. (AC +4)
Your mind is acute. (Int +4, Str/Dex -1)
Your flesh is heat resistant. (rF+)


Message History

Your jiangshi is engulfed in freezing vapours.
Your jiangshi claws the blizzard demon but does no damage.
Your jiangshi claws the blizzard demon!
You hit the blizzard demon.
You hit the blizzard demon but do no damage.
You puncture the blizzard demon!
You kill the blizzard demon!
Their soul becomes fuel for the torch.
A black mist starts to gather...
You are engulfed in freezing vapours.
You resist.
Your jiangshi is engulfed in freezing vapours.
Your bog body is engulfed in freezing vapours. x2
Your jiangshi is engulfed in freezing vapours.
You are engulfed in freezing vapours.
You resist.
Your jiangshi is engulfed in freezing vapours. x5
Your ancient champion is engulfed in freezing vapours.
Your jiangshi is engulfed in freezing vapours. x2
Your bog body is engulfed in freezing vapours. x2
Your jiangshi is engulfed in freezing vapours.
You swap places.
You are engulfed in freezing vapours.
You resist.
Your jiangshi is engulfed in freezing vapours. x5
Your bog body is engulfed in freezing vapours.
Your jiangshi is engulfed in freezing vapours.
Your spectral blizzard demon is engulfed in freezing vapours.
Your jiangshi is engulfed in freezing vapours. x2
Your ancient champion is engulfed in freezing vapours.
Your jiangshi is engulfed in freezing vapours.
You swap places.
You are engulfed in freezing vapours.
You resist.
Your jiangshi is engulfed in freezing vapours.
Your bog body is engulfed in freezing vapours. x2
Your jiangshi is engulfed in freezing vapours.
Your bog body is engulfed in freezing vapours.
There is a stone staircase leading up here.
Your spectral blizzard demon is engulfed in freezing vapours.
You return your torch's flame to Yredelemnul, and feel their disappointment in your meagre crusade.
You fly upwards.
Your summoned allies are left behind.
There is a stone staircase leading down here.
There is an open gate here.
There is a staircase leading out of the dungeon here.
You have escaped!

# #.# #. ###.## ######.
.....############## #......
###...............# #.####. #
#.######.##.###.## #.# #.
#.#.####.#.......### #.# #.
#....##....##'''##.# #.####)
#.......#>.#.....#.# #.#....
###....##....#..@..#.# #.#.##.
÷..........#.#.....#.######...##.
###..........#.....#.....###.###.
###.###....##+++##.....##...##.
#.# #..#.........#...#..~..#.
#####.# #.#####..#####.#...~~~...
......# #(# #........#.#..≈..##
#####.# #.# #.##.#####.##...###
.# #.# #.# #.##.# #.###.##..


There were no monsters in sight!

Vanquished Creatures
  3 dread liches
  Khufu (Crypt:1)
  A juggernaut (Depths:1)
  5 orbs of fire (Zot:5)
  A royal mummy (Crypt:1)
  Saint Roka (Vaults:3)
  3 curse toes
  9 Killer Klowns
  10 golden dragons
  Jory (Crypt:1)
  A Brimstone Fiend (D:15)
  9 pandemonium lords
  A Hell Sentinel (Zig:2)
  3 electric golems
  8 tentacled monstrosities
  An Ice Fiend (Zig:4)
  5 liches
  19 Orb Guardians
  7 quicksilver dragons
  A deep elf blademaster (Elf:3)
  spectral Arachne (Vaults:3)
  3 titans
  6 sphinxes
  2 walking frostbound tomes
  2 deep elf master archers
  5 death cobs
  5 Executioners
  8 storm dragons
  Kirke (D:15)
  2 ancient champions (Crypt:1)
  Agnes (D:15)
  6 tengu reavers
  8 shadow dragons
  3 protean progenitors
  4 deep elf sorcerers
  3 draconian knights
  An iron dragon (Depths:2)
  3 quicksilver elementals (Zig:6)
  2 draconian shifters
  3 fire giants
  7 draconian scorchers
  4 draconian monks
  3 balrugs
  An emperor scorpion (Spider:3)
  A deep elf elementalist (Elf:3)
  7 vault wardens
  2 frost giants
  A ghoul (Crypt:1)
  2 ghost moths
  3 draconian annihilators
  2 orc warlords
  An angel (Depths:4)
  A curse skull (Crypt:1)
  4 spriggan defenders
  5 stone giants
  14 very ugly things
  11 ironbound preservers
  2 broodmothers
  An eleionoma (WizLab)
  8 green draconians
  2 vampire knights
  An apis (Shoals:4)
  5 deep elf demonologists
  4 deep elf annihilators (Elf:3)
  A pale draconian (Depths:4)
  8 yellow draconians
  7 black draconians
  3 dire elephants
  3 deep elf death magi
  4 spark wasps
  5 purple draconians
  6 red draconians
  6 blizzard demons
  8 white draconians
  Azrael (D:15)
  4 merfolk javelineers
  2 very ugly thing zombies (Depths:2)
  6 merfolk impalers (Shoals:4)
  2 fire dragons (Depths:4)
  A crystal guardian (Vaults:4)
  10 ettins
  6 yaktaur captains
  2 eidola (Crypt:1)
  A mummy priest (Crypt:1)
  A shambling mangrove (WizLab)
  8 deep elf high priests
  3 jiangshi
  A great orb of eyes (Vaults:2)
  2 entropy weavers
  2 hydras
  16 vault guards
  3 radroaches
  8 ice dragons
  4 centaur warriors
  2 ironbound frosthearts (Vaults:2)
  A hell beast (Zot:4)
  6 spriggan air magi
  2 jorogumos
  12 dancing weapons
  4 merfolk aquamancers
  6 boulder beetles
  6 ogre magi
  11 deep troll shamans
  3 hell hogs (Zig:6)
  An alligator snapping turtle (Shoals:4)
  4 death yaks
  20 two-headed ogres
  3 satyrs
  4 demonic crawlers
  3 vampire magi
  A tengu warrior (D:11)
  6 deep troll earth magi
  An orc high priest (Orc:2)
  10 spriggan berserkers
  A storm dragon zombie (Crypt:1)
  A naga sharpshooter (WizLab)
  A shadow wraith (Vaults:3)
  3 sun demons (Shoals:3)
  A skyshark (Lair:4)
  12 iron trolls
  A soul eater (Depths:1)
  9 skeletal warriors
  A fire crab (shapeshifter) (Vaults:5)
  8 deep elf knights
  2 cherubim
  A flayed ghost (Depths:1)
  3 sea snakes
  9 deep elf archers
  A pharaoh ant (Spider:3)
  2 sixfirhies
  3 swamp dragons (Depths:4)
  A spriggan rider (Depths:4)
  2 arcanists
  34 deep trolls
  A shadow demon (D:4)
  2 bog bodies (Crypt:1)
  2 sun moths
  3 glowing orange brains
  9 ironbound convokers
  3 phantasmal warriors
  An anaconda skeleton (Volcano)
  2 necromancers
  5 orb spiders
  2 lindwurms
  6 deep elf zephyrmancers
  4 harpies
  5 orc knights
  5 steelbarb worms
  20 wolf spiders
  11 deep elf pyromancers
  A wolf spider (shapeshifter) (Elf:2)
  5 fauns
  7 orc sorcerers
  13 ugly things
  A cyclops (shapeshifter) (D:11)
  3 large abominations
  2 manticores (D:12)
  3 elephants (Lair:5)
  A merfolk siren (Shoals:3)
  8 cyclopes
  A meliai (shapeshifter) (D:15)
  3 water nymphs
  4 meliai
  19 moths of wrath
  2 ice statues (IceCv)
  3 kobold blastminers (Orc:2)
  5 vault sentinels
  3 black mambas
  2 molten gargoyles (Lair:5)
  A rust devil (Zot:2)
  A smoke demon (Depths:4)
  An orange demon (D:5)
  A gargoyle (D:13)
  3 cane toads
  An eye of devastation (Zig:5)
  4 torpor snails
  An unseen horror (D:11)
  2 hellions
  A yaktaur zombie (Vaults:2)
  4 freezing wraiths
  2 kobold demonologists
  A yellow draconian zombie (Zot:2)
  A tormentor (D:6)
  18 yaktaurs
  A rime drake (Lair:3)
  An efreet (D:15)
  7 komodo dragons
  13 merfolk
  A queen bee (D:12)
  5 trolls
  2 polar bears
  5 hornets
  A tyrant leech (Zot:3)
  14 tarantellas
  A glass eye (Depths:4)
  2 wind drakes (Shoals:4)
  A harpy skeleton (Volcano)
  3 dream sheep (Shoals:2)
  2 culicivora zombies
  5 blink frogs
  An ice dragon zombie (Crypt:1)
  6 slime creatures
  13 jumping spiders
  11 culicivoras
  2 spriggans (shapeshifter) (D:13)
  2 air elementals
  3 shadows
  2 wraiths
  5 wyverns
  2 ynoxinuls
  An elf zombie (Elf:3)
  2 spriggans
  5 vampires
  A small abomination (Zig:6)
  11 basilisks
  5 water elementals
  27 yaks
  Grum (D:9)
  2 neqoxecs
  3 hogs (D:15)
  Eustachio (D:5)
  A warg (Orc:2)
  25 redbacks
  2 fire elementals
  8 steam dragons
  A deep troll zombie (Depths:2)
  9 vampire mosquitoes
  A glowing shapeshifter zombie (Crypt:1)
  A two-headed ogre zombie (Orc:2)
  2 acid dragons
  9 water moccasins
  A glowing shapeshifter skeleton (Depths:2)
  3 hell hounds (Lair:5)
  23 orc warriors
  2 black bears
  2 ice beasts
  A meliai simulacrum (D:14)
  14 laughing skulls
  An ogre (shapeshifter) (Elf:2)
  29 ogres
  12 centaurs
  13 wolves
  A phantom (D:5)
  2 kobold brigands
  2 human zombies (Vaults:5)
  10 bullfrogs
  2 earth elementals (Elf:3)
  5 gnoll sergeants
  A cane toad simulacrum (IceCv)
  3 scorpions
  7 wights
  23 killer bees
  An electric eel (Elf:1)
  A howler monkey (D:12)
  2 lava snakes (Lair:5)
  3 bombardier beetles
  A crimson imp (D:7)
  A jelly (D:5)
  5 hounds
  15 orc priests
  A gnoll bouda (D:4)
  2 iguanas
  Jessica (D:3)
  Ijyb (D:3)
  Natasha (twice) (D:3)
  16 orc wizards
  A sleepcap (D:5)
  A killer bee zombie (Crypt:1)
  2 ogre zombies (Orc:2)
  2 mummies
  34 gnolls
  8 adders
  6 white imps
  4 ufetubi
  A dart slug (D:5)
  3 ribbon worms
  72 orcs
  3 ball pythons
  7 endoplasms
  A giant cockroach (shapeshifter) (Elf:3)
  15 giant cockroaches
  3 hobgoblins
  8 jackals (D:5)
  13 kobolds
  A quokka (D:4)
  6 bats
  2 frilled lizards
  14 goblins
  A hobgoblin zombie (D:6)
  2 kobold zombies (D:6)
  2 orc zombies
  3 rats
  4 aspiring fleshes
1453 creatures vanquished.

Vanquished Creatures (collateral kills)
  A dread lich (Zot:5)
  An orb of fire (Zot:1)
  Mara (Spider:3)
  A royal mummy (Crypt:1)
  2 pandemonium lords
  2 Killer Klowns
  2 curse toes
  2 caustic shrikes
  2 golden dragons
  Nikola (Spider:3)
  An electric golem (Zot:5)
  A Brimstone Fiend (Zig:6)
  12 tentacled monstrosities
  12 Orb Guardians (Zot:5)
  A deep elf master archer (WizLab)
  Asterion (Spider:4)
  A lich (D:8)
  Mlioglotl (Shoals:1)
  4 quicksilver dragons
  A deep elf blademaster (Elf:3)
  3 sphinxes
  A kraken (Shoals:2)
  A death cob (Zot:4)
  4 titans
  2 Executioners
  An eldritch tentacle (D:8)
  An ancient champion (Crypt:1)
  5 storm dragons
  3 tengu reavers
  A protean progenitor (Zot:4)
  3 shadow dragons
  A rockslime (Zig:5)
  A draconian knight (Zot:2)
  2 deep elf sorcerers (Elf:3)
  3 fenstrider witches (WizLab)
  3 fire giants (Vaults:5)
  A draconian monk (Zot:1)
  2 draconian scorchers
  2 draconian shifters (Zot:3)
  4 frost giants
  11 vault wardens
  A caustic shrike zombie (Zig:6)
  A ghost moth (Spider:2)
  4 emperor scorpions
  3 iron dragons
  A deep elf elementalist (Elf:3)
  An angel (Shoals:4)
  A ghoul (Crypt:1)
  An orc warlord (Vaults:1)
  8 very ugly things
  14 ironbound preservers
  2 draconian annihilators
  9 stone giants
  5 broodmothers (Spider:4)
  4 black draconians
  2 deep elf demonologists
  An eleionoma (WizLab)
  3 purple draconians
  An apis (Shoals:4)
  3 ironbound thunderhulks
  2 vampire knights
  4 red draconians
  A spark wasp (Spider:4)
  3 war gargoyles
  A deep elf annihilator (Elf:3)
  5 green draconians
  A yellow draconian (Zot:3)
  3 deep elf death magi
  4 white draconians
  A pale draconian (Depths:4)
  2 ettins
  9 dire elephants
  Snorg (D:13)
  3 blizzard demons
  2 merfolk javelineers
  4 great orbs of eyes
  7 yaktaur captains
  3 jiangshi
  2 deep elf high priests (Elf:3)
  A shambling mangrove (WizLab)
  3 fire dragons
  A peacekeeper (Vaults:4)
  Fannar (Lair:2)
  A caustic shrike simulacrum (Zig:4)
  7 merfolk impalers
  2 entropy weavers (Spider:4)
  A jorogumo (Spider:3)
  2 rakshasas (Depths:1)
  A hydra (Lair:4)
  2 ice dragons
  24 vault guards
  6 ironbound frosthearts
  2 merfolk avatars (Shoals:3)
  6 ogre magi
  A spriggan air mage (Depths:2)
  2 alligator snapping turtles (Shoals:4)
  3 merfolk aquamancers
  A death knight (Crypt:1)
  6 boulder beetles
  3 dancing weapons
  3 radroaches
  2 vampire magi (Crypt:1)
  2 centaur warriors (D:15)
  2 deep troll shamans
  A deep troll earth mage (D:15)
  11 two-headed ogres
  2 demonic crawlers
  A naga sharpshooter (WizLab)
  2 tengu warriors
  3 death yaks
  2 hell knights
  4 occultists
  A death scarab (Spider:4)
  2 orc high priests
  A titan skeleton (Depths:2)
  A crystal echidna (Zig:6)
  5 sun demons
  4 skysharks
  A soul eater (Zig:5)
  3 iron trolls
  A storm dragon skeleton (Depths:2)
  3 skeletal warriors
  2 cherubim (Shoals:4)
  5 deep elf archers
  A flayed ghost (Vaults:5)
  11 pharaoh ants
  29 deep trolls
  15 sea snakes
  An arcanist (Vaults:2)
  A glowing orange brain (Depths:2)
  13 ironbound convokers
  A shadow demon (Zig:6)
  6 orb spiders
  3 bog bodies (Crypt:1)
  3 steelbarb worms
  3 phantasmal warriors
  7 deep elf zephyrmancers
  An anaconda skeleton (Volcano)
  10 harpies
  2 necromancers
  6 orc knights
  6 lindwurms
  2 thermic dynamos (Elf:3)
  7 deep elf pyromancers
  12 wolf spiders
  2 stone giant zombies
  A frost giant zombie (Depths:2)
  2 orc sorcerers
  5 manticores
  10 fauns
  A shining eye (Zig:5)
  An oklob plant (WizLab)
  10 cyclopes
  A mana viper (shapeshifter) (Vaults:5)
  15 ugly things
  5 elephants (Lair:5)
  4 merfolk sirens
  11 moths of wrath
  4 meliai
  An alligator skeleton (Volcano)
  2 kobold blastminers (Orc:2)
  5 black mambas
  4 water nymphs
  An apocalypse crab (Zig:2)
  13 vault sentinels
  3 cane toads
  3 gargoyles (Volcano)
  6 torpor snails
  A black draconian zombie (Zot:2)
  Maggie (Lair:2)
  A smoke demon (Depths:4)
  4 rime drakes
  17 yaktaurs
  7 komodo dragons
  4 freezing wraiths
  3 guardian mummies (Crypt:1)
  An ice devil (D:8)
  A tengu conjurer (Depths:1)
  2 red devils
  A troll (D:14)
  2 polar bears
  A grey draconian skeleton (Crypt:1)
  3 hellwings (Zig:6)
  9 wind drakes
  3 hornets (WizLab)
  25 merfolk
  A dream sheep (shapeshifter) (Vaults:5)
  6 snapping turtles
  14 tarantellas
  2 glass eyes (Zot:4)
  A blink frog (Lair:4)
  13 dream sheep
  18 culicivoras
  A centaur simulacrum (D:15)
  15 jumping spiders
  36 slime creatures
  3 wraiths
  A wyvern (Lair:2)
  A vampire (Vaults:3)
  16 yaks
  5 water elementals
  2 hogs (D:15)
  A spriggan (Depths:2)
  2 small abominations
  A basilisk (D:15)
  3 fire elementals (D:15)
  7 vampire mosquitoes
  A steam dragon (Lair:3)
  A warg (D:15)
  27 redbacks
  A chaos spawn (Zig:6)
  A harpy simulacrum (IceCv)
  2 entropy weaver zombies
  6 water moccasins
  8 orc warriors
  3 boggarts (Vaults:1)
  6 laughing skulls
  15 ogres
  4 wolves
  3 centaurs
  2 bullfrogs (Lair:1)
  An earth elemental (Elf:3)
  A yak zombie (Crypt:1)
  An elephant simulacrum (IceCv)
  2 killer bees (D:12)
  A troll skeleton (Volcano)
  A spriggan skeleton (Volcano)
  3 lava snakes (Lair:5)
  3 jellies (Lair:4)
  An orc priest (Orc:1)
  2 orc wizards (Orc:1)
  A polar bear simulacrum (IceCv)
  12 orcs
  An aspiring flesh (Zot:4)
  2 tentacles (Shoals:2)
965 creatures vanquished.

Vanquished Creatures (others)
  An Orb Guardian (Zot:5)
  A spectral tengu (Zot:5)
  3 spectral tentacled monstrosities
  A deep elf elementalist (Elf:3)
  A spectral titan (Vaults:3)
  3 Killer Klown zombies (Zot:5)
  2 very ugly thing zombies
  5 quicksilver dragon zombies
  A green death (Zig:3)
  A spectral storm dragon (Vaults:5)
  A spectral human (Elf:3)
  A spectral elf (Elf:3)
  8 Orb Guardian zombies (Zot:5)
  3 spectral Executioners
  A spectral protean progenitor (Zot:5)
  A demonic crawler (Spider:3)
  An emperor scorpion zombie (Spider:3)
  A deep elf knight (Elf:3)
  3 storm dragon zombies
  4 golden dragon zombies
  3 shadow dragon zombies (Vaults:5)
  3 ugly thing zombies
  4 broodmother zombies (Spider:4)
  2 fire giant zombies (Vaults:5)
  2 stone giant zombies
  2 wolf spider zombies
  2 spectral blizzard demons (Zot:4)
  5 draconian zombies
  A spectral rakshasa (Depths:1)
  An alligator snapping turtle zombie (Shoals:4)
  A minotaur zombie (Spider:4)
  A vault sentinel (Vaults:3)
  3 green draconian zombies
  2 death yak zombies (Shoals:4)
  3 yellow draconian zombies
  A red draconian zombie (Zot:3)
  A black draconian zombie (Zot:3)
  4 white draconian zombies
  2 purple draconian zombies
  A steelbarb worm zombie (Spider:4)
  29 elf zombies
  2 sea snake zombies
  A great orb of eyes zombie (Vaults:2)
  19 redback zombies
  A demonic crawler zombie (Spider:3)
  A hydra zombie (Lair:5)
  9 tarantella zombies
  2 jumping spider zombies
  4 ettin zombies
  A boulder beetle zombie (Vaults:2)
  4 meliai zombies
  6 moth of wrath zombies
  A spriggan zombie (Depths:4)
  6 culicivora zombies
  A snapping turtle (Shoals:2)
  2 black mamba zombies
  4 wind drake zombies
  A wyvern (Lair:5)
  4 slime creature zombies
  A human (D:15)
  A tyrant leech zombie (Zot:3)
  A spectral ice devil (D:8)
  A fire elemental (Elf:3)
  8 two-headed ogre zombies
  A steam dragon (Depths:4)
  4 tengu zombies
  A skyshark zombie (Lair:4)
  2 water nymph zombies
  13 deep troll zombies
  3 faun zombies
  A spectral red devil (Depths:4)
  A cane toad zombie (Lair:5)
  An entropy weaver zombie (Vaults:2)
  12 merfolk zombies
  A dream sheep zombie (Vaults:5)
  2 spectral hellwings (Zig:6)
  34 human zombies
  2 elephant zombies (Lair:5)
  A blink frog zombie (Lair:4)
  A torpor snail zombie (Spider:1)
  A hog zombie (D:15)
  A spectral neqoxec (Zot:2)
  A fire crab zombie (Vaults:5)
  A weeping skull (Volcano)
  9 yaktaur zombies
  A kobold zombie (Orc:2)
  A wyvern zombie (Lair:5)
  A warg zombie (Orc:2)
  2 water moccasin zombies (Lair:3)
  A hell hound zombie (Lair:5)
  2 cyclops zombies
  A polar bear zombie (Lair:4)
  7 yak zombies
  2 wolf zombies
  2 bullfrog zombies
  3 basilisk zombies
  9 centaur zombies
  A boggart zombie (Vaults:1)
  15 ogre zombies
  A steam dragon zombie (D:11)
  2 lava snake zombies (Lair:5)
  23 orc zombies
  2 gnoll zombies (D:11)
  6 tentacles (Shoals:2)
372 creatures vanquished.

Grand Total: 2790 creatures vanquished

Notes
Turn   | Place    | Note
-------+----------+-------------------------------------------
     0 | D:1      | RBrandon the Naga Alchemist began the quest for the Orb.
     0 | D:1      | Reached XP level 1. HP: 15/15 MP: 3/3
   179 | D:1      | Reached XP level 2. HP: 22/22 MP: 1/5
   518 | D:1      | Learned a level 2 spell: Mercury Vapours
   941 | D:2      | Reached XP level 3. HP: 28/28 MP: 1/6
  1283 | D:2      | Reached skill level 5 in Alchemy
  1368 | D:2      | Identified the +0 hand axe of Rotation {speed, rCorr Dex+2}
  1397 | D:2      | Reached XP level 4. HP: 36/36 MP: 5/7
  1668 | D:2      | Identified the +10 falchion of No Interval {flame, rCorr}
  1919 | D:3      | Noticed a scorpion
  1924 | D:3      | Killed a scorpion
  1925 | D:3      | Reached XP level 5. HP: 37/42 MP: 2/8
  1933 | D:3      | Learned a level 3 spell: Mephitic Cloud
  1996 | D:3      | Noticed Natasha
  2002 | D:3      | Killed Natasha
  2069 | D:3      | Noticed Ijyb
  2077 | D:3      | Killed Ijyb
  2182 | D:3      | Learned a level 4 spell: Olgreb's Toxic Radiance
  2284 | D:3      | Noticed Natasha
  2301 | D:3      | Killed Natasha
  2303 | D:3      | Noticed Jessica
  2391 | D:3      | Reached XP level 6. HP: 49/49 MP: 5/11
  2430 | D:3      | Killed Jessica
  2513 | D:3      | Reached skill level 5 in Spellcasting
  2518 | D:3      | Identified the ring "Haxaid" {rC+ rCorr Str+3 SInv}
  2788 | D:4      | Reached XP level 7. HP: 55/55 MP: 14/14
  2843 | D:4      | Learned a level 4 spell: Sticky Flame
  2992 | D:4      | Found a runed translucent door.
  3048 | D:4      | Noticed NotBatman's ghost (amateur MiBe)
  3290 | D:5      | Entered Level 5 of the Dungeon
  3305 | D:5      | Reached skill level 1 in Fire Magic
  3358 | D:5      | Reached XP level 8. HP: 48/62 MP: 13/15
  3361 | D:5      | Reached skill level 1 in Air Magic
  3433 | D:5      | Noticed Eustachio
  3446 | D:5      | Killed Eustachio
  3963 | D:5      | Reached skill level 10 in Alchemy
  4234 | D:6      | Reached skill level 1 in Fighting
  4288 | D:6      | Identified the +5 spear "Hoss" {drain, rPois Dex+5}
  4320 | D:6      | Reached XP level 9. HP: 53/76 MP: 16/16
  4834 | D:6      | Found a staircase to the Ecumenical Temple.
  4877 | Temple   | Entered the Ecumenical Temple
  4899 | D:6      | Reached skill level 5 in Fighting
  5290 | D:7      | Found a blossoming altar of Fedhas.
  5298 | D:7      | Found a flagged portal.
  5316 | Bailey   | Entered a bailey
  5510 | Bailey   | Noticed an orc knight
  5523 | Bailey   | Killed an orc knight
  5603 | Bailey   | Reached XP level 10. HP: 59/98 MP: 4/17
  5718 | Bailey   | Noticed an orc knight
  5734 | Bailey   | Killed an orc knight
  6021 | D:7      | Found a burning altar of Makhleb.
  6113 | D:7      | Reached skill level 10 in Fighting
  6452 | D:7      | You fall into a shaft and drop 2 floors!
  6547 | D:9      | Found Miosum's General Store.
  7328 | D:8      | Noticed a centaur warrior
  7395 | D:8      | Reached skill level 5 in Dodging
  7884 | D:8      | Reached XP level 11. HP: 105/108 MP: 10/18
  8496 | D:9      | Found a staircase to the Orcish Mines.
  8496 | D:9      | Noticed Grum
  8504 | D:9      | Killed Grum
  9260 | D:10     | Entered Level 10 of the Dungeon
  9260 | D:10     | Found a bloodstained altar of Trog.
  9260 | D:10     | Found a basalt altar of Yredelemnul.
  9261 | D:10     | Found a glowing golden altar of the Shining One.
  9263 | D:10     | Found a sparkling altar of Nemelex Xobeh.
  9263 | D:10     | Found a shimmering blue altar of Sif Muna.
  9264 | D:10     | Found an ancient bone altar of Kikubaaqudgha.
  9269 | D:10     | Became a worshipper of Yredelemnul the Fallen
  9907 | D:10     | Learned a level 5 spell: Alistair's Intoxication
 10026 | D:10     | Reached * piety under Yredelemnul
 10227 | D:11     | Noticed a cyclops
 10233 | D:11     | Killed a cyclops
 10264 | D:11     | Reached XP level 12. HP: 110/116 MP: 6/22
 10389 | D:11     | Found a staircase to the Lair.
 10461 | D:11     | Identified the +9 sling of Noon {antimagic, rN+ Dex+4}
 10690 | D:11     | Noticed a tengu warrior
 10696 | D:11     | Killed a tengu warrior
 11345 | D:11     | Found Baohour's Hydra Hut.
 11348 | D:11     | Noticed an eight-headed hydra
 11363 | D:11     | Reached ** piety under Yredelemnul
 11364 | D:11     | Reached skill level 10 in Spellcasting
 11471 | Lair:1   | Entered Level 1 of the Lair of Beasts
 11536 | Lair:1   | Identified the orb of Xuekavel {light, rF+ Dex+3}
 12292 | Lair:2   | Gained mutation: You can use your snake-like lower body to
                  | constrict enemies. [Naga growth]
 12292 | Lair:2   | Reached XP level 13. HP: 113/123 MP: 22/28
 12313 | Lair:2   | Learned a level 6 spell: Eringya's Noxious Bog
 12419 | Lair:2   | Found a hole to the Spider Nest.
 12669 | Lair:2   | Found a staircase to the Shoals.
 12678 | Lair:2   | Reached *** piety under Yredelemnul
 12816 | Lair:2   | Noticed Fannar
 12831 | Lair:2   | Noticed Maggie
 12832 | Lair:2   | Killed Fannar
 12835 | Lair:2   | Reached skill level 1 in Invocations
 12838 | Lair:2   | Killed Maggie
 13001 | Lair:2   | Reached skill level 2 in Invocations
 13184 | Lair:3   | Noticed lunkers's ghost (journeyman CoBe)
 13201 | Lair:3   | Found a transporter.
 13202 | Lair:3   | Found a bloodstained altar of Trog.
 13230 | Lair:3   | Reached skill level 3 in Invocations
 13259 | Lair:3   | Reached skill level 4 in Invocations
 13266 | Lair:3   | Reached skill level 5 in Invocations
 13547 | Lair:3   | Reached skill level 6 in Invocations
 13835 | Lair:3   | Reached skill level 7 in Invocations
 13936 | Lair:3   | Found a transporter.
 14508 | Lair:4   | Reached skill level 8 in Invocations
 14715 | Lair:4   | Reached skill level 10 in Dodging
 14719 | Lair:4   | Reached **** piety under Yredelemnul
 14720 | Lair:4   | Reached XP level 14. HP: 130/132 MP: 27/29
 14878 | Lair:4   | Found a staircase to the Slime Pits.
 15325 | Lair:4   | Identified the +4 ring mail "Utuklilu" {Dex+3}
 15762 | Lair:5   | Entered Level 5 of the Lair of Beasts
 16110 | Lair:5   | Found a dark tunnel.
 16117 | Volcano  | Entered a volcano
 16293 | Volcano  | Reached skill level 1 in Evocations
 16601 | Lair:5   | Reached skill level 5 in Evocations
 16654 | Lair:5   | Reached skill level 1 in Armour
 17468 | Lair:5   | Found a large runed translucent door.
 17469 | Lair:5   | Found a large runed translucent door.
 18804 | D:12     | Reached skill level 5 in Armour
 19274 | D:13     | Reached XP level 15. HP: 138/138 MP: 30/30
 19288 | D:13     | Noticed Snorg
 19295 | D:13     | Killed Snorg
 19884 | D:13     | Found a glowing golden altar of the Shining One.
 19928 | D:13     | Reached skill level 1 in Shields
 20066 | Orc:1    | Entered Level 1 of the Orcish Mines
 20538 | Orc:2    | Entered Level 2 of the Orcish Mines
 20545 | Orc:2    | Found a staircase to the Elven Halls.
 20622 | Orc:2    | Paralysed by an orc sorcerer for 2 turns
 20783 | Orc:2    | Reached ***** piety under Yredelemnul
 20817 | Orc:2    | Found a frozen archway.
 20855 | IceCv    | Entered an ice cave
 20980 | IceCv    | Found a transporter.
 20992 | IceCv    | Found a transporter.
 21037 | IceCv    | Identified the +2 plate armour "Baucvurch" {rC+ Int+2}
 21196 | Orc:2    | Reached skill level 9 in Invocations
 21220 | Orc:2    | Reached skill level 10 in Invocations
 21253 | Orc:2    | Reached skill level 11 in Invocations
 21279 | Orc:2    | Reached skill level 12 in Invocations
 21347 | Orc:2    | Found Jeuch's Book Shop.
 21347 | Orc:2    | Found Mamown's Jewellery Shoppe.
 21348 | Orc:2    | Found Ubofeh's Magic Scroll Shoppe.
 21348 | Orc:2    | Found Cipa Roud's General Store.
 21359 | Orc:2    | Bought a scroll of acquirement for 624 gold pieces
 21360 | Orc:2    | Acquired the +0 barding of Absence {Will+ MP+9 Dex+3}
 21369 | Orc:2    | Bought the ring of the Genius {rF+ rC+ EV+5} for 627 gold
                  | pieces
 21960 | Spider:1 | Entered Level 1 of the Spider Nest
 21967 | Spider:1 | Reached XP level 16. HP: 142/146 MP: 31/31
 22038 | Spider:1 | Reached skill level 13 in Invocations
 22447 | Spider:1 | Reached skill level 14 in Invocations
 23755 | Spider:2 | Reached ****** piety under Yredelemnul
 24034 | Spider:2 | Found a runed translucent gate.
 24034 | Spider:2 | Found a runed translucent gate.
 24034 | Spider:2 | Found a runed translucent gate.
 24042 | Spider:2 | Noticed Gopnoam's ghost (adept OnFi)
 24310 | Spider:3 | Noticed Nikola
 24321 | Spider:3 | Killed Nikola
 24711 | Spider:3 | Reached XP level 17. HP: 151/156 MP: 32/32
 24760 | Spider:3 | Noticed Arachne
 24766 | Spider:3 | Killed Arachne
 24766 | Spider:3 | Bound Arachne
 24892 | Spider:3 | Reached skill level 10 in Armour
 25034 | Spider:3 | Noticed Mara
 25044 | Spider:3 | Killed Mara
 25639 | Spider:4 | Entered Level 4 of the Spider Nest
 25822 | Spider:4 | Identified the +0 kite shield "Viffod" {Rampage rPois SInv}
 25822 | Spider:4 | Noticed Asterion
 25828 | Spider:4 | Killed Asterion
 26155 | Spider:4 | Reached XP level 18. HP: 171/171 MP: 33/33
 26176 | Spider:4 | Your ally Asterion died
 26184 | Spider:4 | Got a gossamer rune of Zot
 26205 | Spider:4 | Identified the +2 hat of Coujuew {+Blink Will+ Dex+2}
 26611 | Shoals:1 | Entered Level 1 of the Shoals
 26818 | Shoals:1 | Reached skill level 15 in Invocations
 26821 | Shoals:1 | Noticed Mlioglotl
 26825 | Shoals:1 | Killed Mlioglotl
 28327 | Shoals:3 | Found Oxarghyid's Armour Emporium.
 28602 | Shoals:4 | Entered Level 4 of the Shoals
 28619 | Shoals:4 | Reached XP level 19. HP: 175/182 MP: 34/34
 28622 | Shoals:4 | Reached skill level 16 in Invocations
 28636 | Shoals:4 | Found a glowing silver altar of Zin.
 28675 | Shoals:4 | Got a barnacled rune of Zot
 28972 | Shoals:4 | Found a glowing golden altar of the Shining One.
 28981 | Shoals:4 | Identified the ring of Ujesen {EV+5 Dex+2}
 29222 | Shoals:4 | Found a white marble altar of Elyvilon.
 29297 | Shoals:4 | Identified the +0 fire dragon scales of the Hundredfold
                  | Xalams {*Corrode rElec rF++ rC- Regen+ Dex-3}
 29903 | D:14     | Identified the ring of Oheuzump {Will+ rCorr}
 29999 | D:14     | Found a gate to the Vaults.
 30121 | D:14     | Found Deovuizo's Armour Emporium.
 30304 | D:14     | Found Geschiaq's Distillery.
 30646 | D:15     | Entered Level 15 of the Dungeon
 30704 | D:15     | Noticed Azrael
 30711 | D:15     | Killed Azrael
 30711 | D:15     | Noticed Agnes
 30719 | D:15     | Killed Agnes
 30720 | D:15     | Reached skill level 15 in Armour
 30865 | D:15     | Reached skill level 15 in Fighting
 31085 | D:15     | Identified the +9 long sword "Gofra" {venom, Will+ Dex+5}
 31211 | D:15     | Noticed Kirke
 31223 | D:15     | Killed Kirke
 31312 | D:15     | Found a staircase to the Depths.
 31505 | D:15     | Upgraded the game from 0.32-a0-876-gcfddb08e57 to
                  | 0.32-a0-886-g41c5271027
 31557 | Vaults:1 | Entered Level 1 of the Vaults
 31860 | Vaults:1 | Reached skill level 17 in Invocations
 31889 | Vaults:1 | Reached XP level 20. HP: 187/194 MP: 35/35
 32884 | Vaults:2 | You fall into a shaft and drop 2 floors!
 33034 | Vaults:4 | Found a crumbling gateway.
 33780 | Vaults:4 | Identified the +1 robe "Haihov" {*Slow Dex+3 Slay+5}
 34535 | Vaults:2 | Reached XP level 21. HP: 121/205 MP: 22/36
 34978 | Vaults:2 | Learned a level 2 spell: Blink
 35121 | Vaults:2 | Identified the +4 war axe "Enanguy" {venom, rPois rF++}
 35190 | Vaults:2 | Reached skill level 18 in Invocations
 35369 | Vaults:3 | Noticed Saint Roka
 35381 | Vaults:3 | Killed Saint Roka
 35485 | Vaults:3 | Found Xasox's Distillery.
 35740 | Vaults:3 | Found a staircase to the Crypt.
 35851 | Vaults:3 | Reached skill level 5 in Shields
 36008 | Vaults:3 | Your ally Arachne died
 36010 | Vaults:3 | Identified the staff of Dullness {*Slow rElec rF+ Str+3
                  | Fire Earth}
 36010 | Vaults:3 | Identified the amulet of Ru's Benevolence {Spirit +Blink
                  | rN+ Will++ Int-3}
 36051 | Vaults:3 | Your ally Saint Roka died
 37085 | Vaults:3 | Identified the +0 executioner's axe "Duadash" {freeze,
                  | Int-3 Dex+2 Stlth+}
 37114 | Vaults:3 | Found the +8 pair of quick blades "Gyre" and "Gimble"
                  | {protect}
 37145 | Vaults:3 | Identified the +6 rapier "Tobris" {spect, Str+4 Dex+4 SInv}
 37491 | Elf:1    | Entered Level 1 of the Elven Halls
 37518 | Elf:1    | Found an ancient bone altar of Kikubaaqudgha.
 37527 | Elf:1    | Reached skill level 1 in Short Blades
 38196 | Elf:1    | Found Piequw's Antique Armour Shoppe.
 38199 | Elf:1    | Bought a scorched scale mail for 225 gold pieces
 38199 | Elf:1    | Identified the +3 scale mail "Isteir" {Dex+6} (You bought
                  | it in a shop on level 1 of the Elven Halls)
 38433 | Elf:1    | Bought a pair of embroidered gloves for 187 gold pieces
 38669 | Elf:2    | Reached skill level 5 in Short Blades
 38708 | Elf:2    | Reached XP level 22. HP: 201/213 MP: 37/37
 38799 | Elf:2    | Identified the maw talisman of the Ego {rElec rPois rF-
                  | SInv}
 38913 | Elf:2    | Found a runed translucent gate.
 38913 | Elf:2    | Found a runed translucent gate.
 38918 | Elf:2    | Found a runed translucent gate.
 39142 | Elf:3    | Entered Level 3 of the Elven Halls
 39206 | Elf:3    | Noticed Louise
 39222 | Elf:3    | Killed Louise
 39222 | Elf:3    | Bound Louise
 39986 | Elf:3    | Identified the staff "Ycike" {^Drain rC+ Int+6 Ice Alchemy}
 39998 | Elf:3    | Identified the +5 glaive of the Messenger {pain, rF++}
 40036 | Elf:3    | Identified the +4 scimitar "Archeb" {heavy, rF+ Str+3}
 40209 | Elf:3    | Identified the +6 whip "Vyphoschi" {venom, rElec rC++
                  | Str-4}
 40225 | Elf:3    | Reached skill level 10 in Short Blades
 40229 | Elf:3    | Identified the ring "Qeqakoid" {rPois rN+ Str+5}
 40250 | Elf:3    | Your ally Louise died
 40544 | Elf:3    | Identified the +9 rapier "Puery" {heavy, *Slow rPois rC+
                  | rN++}
 40573 | Elf:3    | Identified the ring of the Raven {Fly Str+3 Dex+2}
 40582 | Elf:3    | Identified the +8 mace of Amortisation {spect, rElec rN+
                  | Str-2 Stlth+}
 40733 | Elf:3    | Identified the +0 cloak of the Bursting Gods {Rampage
                  | rCorr}
 40753 | Elf:3    | Learned a level 5 spell: Irradiate
 41230 | Elf:3    | Learned a level 3 spell: Ozocubu's Armour
 41237 | Elf:3    | Learned a level 6 spell: Sculpt Simulacrum
 41658 | Vaults:5 | Entered Level 5 of the Vaults
 41689 | Vaults:5 | Reached skill level 1 in Ice Magic
 41804 | Vaults:5 | Reached skill level 5 in Ice Magic
 41990 | Vaults:5 | Noticed a golden dragon
 41998 | Vaults:5 | Killed a golden dragon
 42095 | Vaults:5 | Noticed a dread lich
 42122 | Vaults:5 | Killed a dread lich
 42125 | Vaults:5 | Reached XP level 23. HP: 198/222 MP: 10/38
 42330 | Vaults:5 | Learned a level 4 spell: Vhi's Electric Charge
 42333 | Vaults:5 | Learned a level 2 spell: Lesser Beckoning
 42539 | Vaults:5 | Identified the ring "Ruizaosu" {rElec rF+}
 42773 | Vaults:5 | Identified the +5 dagger of the Hummingbird {elec, rN+}
 42832 | Vaults:5 | Identified the +2 falchion of the Pariah {flame, ^Fragile
                  | rCorr Int+9}
 42985 | Vaults:5 | Identified the ring of Emmyng {rF+ rN+ MP+9}
 43161 | Vaults:5 | Noticed a dread lich
 43174 | Vaults:5 | Paralysed by a dread lich for 2 turns
 43178 | Vaults:5 | Killed a dread lich
 43336 | Vaults:5 | Found the +2 hood of the Assassin {Detect Stab+ Stlth++}
 43384 | Vaults:5 | Got a silver rune of Zot
 43401 | Vaults:5 | Learned a level 6 spell: Gell's Gavotte
 43428 | Vaults:5 | Reached skill level 1 in Translocations
 44201 | Depths:1 | Entered Level 1 of the Depths
 44212 | Depths:1 | Noticed a juggernaut
 44223 | Depths:1 | Reached skill level 5 in Translocations
 44223 | Depths:1 | Killed a juggernaut
 44273 | Depths:1 | Found a one-way gate to the infinite horrors of the Abyss.
 44506 | Depths:1 | Found a flickering gateway to a bazaar.
 44515 | Bazaar   | Entered a bazaar
 44530 | Bazaar   | Found Perr's Assorted Antiques.
 44561 | Bazaar   | Found Koips's Magic Scroll Boutique.
 44602 | Bazaar   | Found Guyriag's Jewellery Emporium.
 44610 | Bazaar   | Bought an amulet of regeneration for 480 gold pieces
 44646 | Bazaar   | Found Plog's Jewellery Emporium.
 45112 | Depths:1 | Found Paas's Book Boutique.
 45112 | Depths:1 | Found Ogrur's Jewellery Emporium.
 45114 | Depths:1 | Found Cofuryri's Book Boutique.
 45296 | Depths:1 | Found a gateway to Hell.
 45305 | Depths:1 | Reached XP level 24. HP: 231/231 MP: 41/41
 45733 | Depths:2 | Found an opulent altar of Gozag.
 45776 | Depths:2 | Reached skill level 10 in Translocations
 45946 | Depths:2 | Noticed a caustic shrike
 45951 | Depths:2 | Killed a caustic shrike
 46138 | Depths:2 | Found a one-way gate leading to the halls of Pandemonium.
 46855 | Depths:3 | Found Eghufyl's Assorted Antiques.
 46878 | Depths:3 | Found a hazy altar of Hepliaklqana.
 46927 | Depths:3 | Found Row Xih's Jewellery Emporium.
 47084 | Depths:3 | Found a magical portal.
 47093 | WizLab   | Entered Eringya's Formal Garden
 47192 | WizLab   | Found a blossoming altar of Fedhas.
 47386 | WizLab   | Identified the +12 quarterstaff of Plog {spect, rC+}
 48130 | Depths:3 | Learned a level 6 spell: Dispersal
 48231 | Depths:3 | Found the amulet of the Air {Inacc Air Fly rElec RMsl}
 48241 | Depths:3 | Reached skill level 5 in Stealth
 48254 | Depths:3 | Reached XP level 25. HP: 232/238 MP: 41/41
 48600 | Depths:4 | Entered Level 4 of the Depths
 48622 | Depths:4 | Found a flickering gateway to a bazaar.
 48632 | Bazaar   | Entered a bazaar
 48632 | Bazaar   | Found Tuoj's Magic Scroll Emporium.
 48632 | Bazaar   | Found Kore's Antique Weapon Emporium.
 48633 | Bazaar   | Found Jayklueg's Book Shoppe.
 48633 | Bazaar   | Found Ilurarel's Assorted Antiques.
 48654 | Bazaar   | Bought a manual of Stealth for 1040 gold pieces
 48654 | Bazaar   | Bought a book of Party Tricks for 286 gold pieces
 48656 | Bazaar   | Learned a level 1 spell: Apportation
 48795 | Depths:4 | Identified the +8 plate armour of Xeduigu {Will- Int+3}
 48815 | Depths:4 | Reached skill level 10 in Stealth
 49051 | Depths:4 | Found a white marble altar of Elyvilon.
 49275 | Depths:4 | Found a sparkling altar of Nemelex Xobeh.
 49297 | Depths:4 | Reached skill level 15 in Stealth
 49319 | Depths:4 | Found a one-way gateway to a ziggurat.
 49719 | Depths:4 | Identified the +0 chain mail of the Heron {rPois Str-5
                  | Int+5}
 49720 | Depths:4 | Identified the +2 great sword of the Rescuing Badger
                  | {flame, SInv Stlth+}
 50170 | Depths:4 | Found a gate to the Realm of Zot.
 50900 | Zot:1    | Entered Level 1 of the Realm of Zot
 50940 | Zot:1    | Noticed an orb of fire
 50949 | Zot:1    | Gained mutation: Your body sometimes deteriorates upon
                  | taking damage. [an orb of fire]
 50972 | Zot:1    | Killed an orb of fire
 51362 | Zot:1    | Reached skill level 15 in Spellcasting
 51696 | Zot:1    | Learned a level 4 spell: Passage of Golubria
 51987 | Zot:2    | Upgraded the game from 0.32-a0-886-g41c5271027 to
                  | 0.32-a0-893-gf85d74f360
 52519 | Zot:3    | Reached XP level 26. HP: 228/237 MP: 43/43
 52543 | Zot:3    | Reached skill level 19 in Invocations
 54146 | Zot:4    | Noticed a Killer Klown
 54153 | Zot:4    | Killed a Killer Klown
 54286 | Zot:4    | Found a transporter.
 54939 | Zot:4    | Found a transporter.
 55457 | Zot:4    | Learned a level 5 spell: Yara's Violent Unravelling
 55837 | Crypt:1  | Entered Level 1 of the Crypt
 55871 | Crypt:1  | Reached skill level 20 in Invocations
 55880 | Crypt:1  | Noticed Sojobo
 55891 | Crypt:1  | Paralysed by an air elemental for 1 turns
 55893 | Crypt:1  | Killed Sojobo
 55893 | Crypt:1  | Bound Sojobo
 56131 | Crypt:1  | Noticed Jory
 56141 | Crypt:1  | Killed Jory
 56145 | Crypt:1  | Reached XP level 27. HP: 223/260 MP: 36/43
 56177 | Crypt:1  | Noticed a royal mummy
 56188 | Crypt:1  | Killed a royal mummy
 56479 | Crypt:1  | Noticed Khufu
 56479 | Crypt:1  | Noticed a royal mummy
 56486 | Crypt:1  | Killed a royal mummy
 56498 | Crypt:1  | Killed Khufu
 56710 | Crypt:1  | Reached skill level 15 in Dodging
 57195 | Zot:5    | Entered Level 5 of the Realm of Zot
 57473 | Zot:5    | Noticed a dread lich
 57485 | Zot:5    | Killed a dread lich
 57489 | Zot:5    | Noticed an orb of fire
 57493 | Zot:5    | Noticed an orb of fire
 57494 | Zot:5    | Noticed an orb of fire
 57497 | Zot:5    | Noticed an orb of fire
 57500 | Zot:5    | Noticed an orb of fire
 57510 | Zot:5    | Killed an orb of fire
 57524 | Zot:5    | Your ally Sojobo died
 57831 | Zot:5    | Gained mutation: You are frail. (-10% HP) [an orb of fire]
 57835 | Zot:5    | Gained mutation: You are dopey. (Int -2) [an orb of fire]
 57846 | Zot:5    | Killed an orb of fire
 57847 | Zot:5    | Lost mutation: You are dopey. (Int -2) [potion of mutation]
 57847 | Zot:5    | Lost mutation: You are frail. (-10% HP) [potion of
                  | mutation]
 57847 | Zot:5    | Lost mutation: Your body sometimes deteriorates upon taking
                  | damage. [potion of mutation]
 57847 | Zot:5    | Gained mutation: You are robust. (+10% HP) [potion of
                  | mutation]
 57847 | Zot:5    | Gained mutation: Your muscles are strong. (Str +4, Int/Dex
                  | -1) [potion of mutation]
 57847 | Zot:5    | Gained mutation: You are partially covered in iridescent
                  | scales. (AC +2) [potion of mutation]
 57858 | Zot:5    | Gained mutation: You sometimes lose your temper in combat.
                  | [an orb of fire]
 57869 | Zot:5    | Killed an orb of fire
 57882 | Zot:5    | Gained mutation: You are mostly covered in iridescent
                  | scales. (AC +4) [an orb of fire]
 57886 | Zot:5    | Killed an orb of fire
 58166 | Zot:5    | Killed an orb of fire
 58219 | Zot:5    | Identified the +1 chain mail of Sof Dott {rCorr}
 58442 | Zot:5    | Noticed a dread lich
 58461 | Zot:5    | Reached skill level 21 in Invocations
 58490 | Zot:5    | Killed a dread lich
 58847 | Zot:5    | Got the Orb of Zot
 58966 | Zot:2    | Noticed Tabut the pandemonium lord
 58968 | Zot:2    | Gained mutation: You are dopey. (Int -2) [a neqoxec]
 58969 | Zot:2    | Killed Tabut the pandemonium lord
 59101 | Depths:4 | Noticed Mamyliaw the pandemonium lord
 59109 | Depths:4 | Killed Mamyliaw the pandemonium lord
 59130 | Zig:1    | Entered Level 1 of a ziggurat
 59188 | Zig:2    | Entered Level 2 of a ziggurat
 59197 | Zig:2    | Noticed Dadijedu the pandemonium lord
 59209 | Zig:2    | Killed Dadijedu the pandemonium lord
 59257 | Zig:3    | Entered Level 3 of a ziggurat
 59260 | Zig:3    | Noticed Wadwuqir the pandemonium lord
 59274 | Zig:3    | Killed Wadwuqir the pandemonium lord
 59306 | Zig:4    | Entered Level 4 of a ziggurat
 59333 | Zig:4    | Identified the +4 long sword of Kiulok {holy, rPois Str+4
                  | Stlth-}
 59335 | Zig:4    | Got the Incunable of Frostbound Soot
 59369 | Zig:4    | Noticed Jidaoc the pandemonium lord
 59386 | Zig:4    | Killed Jidaoc the pandemonium lord
 59441 | Zig:5    | Entered Level 5 of a ziggurat
 59446 | Zig:5    | Found the brooch of Shielding {Spirit SH+8}
 59502 | Zig:6    | Entered Level 6 of a ziggurat
 59545 | Zig:6    | Identified the +0 cloak "Gesad" {Harm Will+ Int+4}
 59629 | Zig:6    | Lost mutation: Your muscles are strong. (Str +4, Int/Dex
                  | -1) [potion of mutation]
 59629 | Zig:6    | Lost mutation: You are robust. (+10% HP) [potion of
                  | mutation]
 59629 | Zig:6    | Lost mutation: You are dopey. (Int -2) [potion of mutation]
 59629 | Zig:6    | Gained mutation: You expend magic power (3 MP) to
                  | strengthen your wands. [potion of mutation]
 59630 | Zig:6    | Lost mutation: You expend magic power (3 MP) to strengthen
                  | your wands. [potion of mutation]
 59630 | Zig:6    | Lost mutation: You are mostly covered in iridescent scales.
                  | (AC +4) [potion of mutation]
 59630 | Zig:6    | Lost mutation: You sometimes lose your temper in combat.
                  | [potion of mutation]
 59630 | Zig:6    | Gained mutation: Your flesh is heat resistant. (rF+)
                  | [potion of mutation]
 59630 | Zig:6    | Gained mutation: Your mind is acute. (Int +4, Str/Dex -1)
                  | [potion of mutation]
 59630 | Zig:6    | Gained mutation: You are mostly covered in iridescent
                  | scales. (AC +4) [potion of mutation]
 59652 | Zig:6    | Noticed Setuc the pandemonium lord
 59657 | Zig:6    | Noticed Dabrar the pandemonium lord
 59667 | Zig:6    | Noticed Etil the pandemonium lord
 59671 | Zig:6    | Killed Setuc the pandemonium lord
 59686 | Depths:4 | Noticed Fuiragul the pandemonium lord
 59709 | Depths:4 | Killed Dabrar the pandemonium lord
 59728 | Depths:4 | Killed Fuiragul the pandemonium lord
 59828 | D:15     | Noticed Betaysosm the pandemonium lord
 59840 | D:15     | Killed Betaysosm the pandemonium lord
 60003 | D:8      | Noticed Xikiepez the pandemonium lord
 60016 | D:8      | Killed Xikiepez the pandemonium lord
 60075 | D:6      | Reached skill level 22 in Invocations
 60144 | D:2      | Noticed Plog the pandemonium lord
 60162 | D:2      | Killed Plog the pandemonium lord
 60184 | D:$      | Escaped with the Orb!

Illustrated notes

Levels and vault maps discovered:
D:1:      dpeg_arrival_windows_large_door, layout_loops_ring,
          minmay_fountain_box, amcnicky_mini_pool_small
D:2:      minmay_roachtagon, layout_basic, kennysheep_generic_room_2
D:3:      layout_rooms, minmay_misc_feat_five, minmay_ogre_servants,
          uniq_jessica, uniq_ijyb, uniq_natasha
D:4:      layout_cave_pools, ebering_ghost_inner_flame, skrybe_limestone_x,
          cheibrodos_gnoll_hut
D:5:      layout_cave_pools, chequers_serial_rivers_small_3, uniq_eustachio
D:6:      layout_loops_ring, temple_doors_e, minmay_mini_ossuary
D:7:      layout_loops_cross, makhleb_grotto_becter, mainiacjoe_overflow_paths,
          enter_bailey_2, corexii_item_surrounded_by_moat,
          corexii_leaking_fountain
D:8:      minmay_slanted_spiral_squares, layout_basic
D:9:      minmay_recursive_quarters, layout_loops_cross, david_orc_3,
          serial_shops, shop, roderic_serpentine_path, uniq_grum
D:10:     layout_basic, grunt_temple_overflow_open, library_closet, hex_tiny
D:11:     minmay_chambers_of_sixes, layout_rooms, erik_lair_dragon,
          doesnt_shop_hydraphobe
D:12:     nicolae_cairo_tiling_large_dashed, layout_stronghold,
          nicolae_looking_at_the_future
D:13:     layout_long_grid, hangedman_decor_points, tso_metal_star, uniq_snorg
D:14:     layout_loops_cross, david_vaults_4, serial_shops,
          nicolae_shop_back_alley_shop, shop, minmay_misc_feat_enclosed,
          nicolae_hexahallways
D:15:     hellmonk_depths_entry_around_the_bend, layout_irregular_city,
          serial_park_gazebo [serial_park_minivault_5x5_6], uniq_agnes,
          uniq_azrael, uniq_kirke
Temple:   minmay_temple_curvy_branch
Lair:1:   layout_loops_ring, chequers_serial_rivers_large_a, st_stairs_10
Lair:2:   layout_regular_city, elwin_shoals_entry_stream,
          hellmonk_spider_entry_life_and_decay, uniq_fannar, uniq_maggie
Lair:3:   layout_concentric_octagons, gammafunk_ghost_wrathful_warriors,
          bobbens_dragon_lair_wall
Lair:4:   layout_loops_ring, minmay_slime_entry_pillars,
          hangedman_lair_unloving_vines, grunt_megastairs_3
Lair:5:   cheibrodos_lair_end_hotspot, layout_cave_pods, enter_volcano_4
Shoals:1: cheibrodos_shoals_three_sisters, layout_shoals, uniq_mlioglotl
Shoals:2: layout_shoals, nicolae_shoals_lost_giant_pillars
Shoals:3: layout_shoals, serial_shops, shop, nicolae_shoals_bring_sunscreen
Shoals:4: shoals_end_hellmonk_holy_island
Spider:1: nicolae_spider_hilbert_zone_1 [nicolae_spider_hilbert_4_sides_1_open,
          nicolae_spider_hilbert_4_sides_1_open,
          nicolae_spider_hilbert_4_sides_1_open,
          nicolae_spider_hilbert_4_sides_1_open,
          nicolae_spider_hilbert_3_sides_1_open,
          nicolae_spider_hilbert_3_sides_1_open,
          nicolae_spider_hilbert_3_sides_1_open,
          nicolae_spider_hilbert_3_sides_1_open,
          nicolae_spider_hilbert_3_sides_1_open,
          nicolae_spider_hilbert_6_sides_1_open,
          nicolae_spider_hilbert_6_sides_1_open,
          nicolae_spider_hilbert_3_sides_1_open,
          nicolae_spider_hilbert_3_sides_1_open,
          nicolae_spider_hilbert_3_sides_1_open,
          nicolae_spider_hilbert_3_sides_1_open,
          nicolae_spider_hilbert_2_sides_1_open]
Spider:2: layout_spider_delve, gammafunk_ghost_split
Spider:3: layout_spider_delve, nicolae_spider_jagged_tunnels, uniq_nikola,
          uniq_arachne, uniq_mara
Spider:4: hellmonk_spider_rune_endless_swarm, uniq_asterion
Orc:1:    layout_caves
Orc:2:    st_orc_ogre_mass, layout_diamond_mine, portal_ice_cave_entry_pillars_2
Elf:1:    layout_loops_cross, serial_shops, nicolae_shop_real_fake_doors,
          guppyfry_elf_altar, grunt_ministairs_8, minivault_14
Elf:2:    elven_hall_of_blades_hangedman_original [grunt_blade_entry_basic],
          layout_onion_city
Elf:3:    minmay_elf_hall_not_hex, layout_loops_corners, uniq_louise
Vaults:1: nicolae_vaults_trapezoid_layered, vaults_dpeg_hooks, minmay_orc_keep,
          vaults_dpeg_ring, nicolae_vaults_trapezoid_2, nicolae_vaults_house_3,
          v_misc_12, layout_vaults_omnigrid
Vaults:2: nicolae_vaults_quartermaster, v_rooms_1,
          nicolae_vaults_storage_closets_3, grunt_vaults_hallway_long,
          vaults_room_hallway, nicolae_vaults_tetromino_T_2,
          nicolae_vaults_two_Ls, dpeg_vaults_monster_box,
          nicolae_vaults_shelves_hall, nicolae_vaults_six-pack,
          layout_vaults_chaotic_city
Vaults:3: nicolae_vaults_hallways_thing, st_greater_box_3,
          nicolae_vaults_wine_cellar, minmay_crypt_entry_vampire_xt,
          grunt_vaults_hallway_short, nicolae_vaults_variable_pillar_hall,
          nicolae_vaults_trapezoid_lopsided_4, nicolae_vaults_hexular_roomagon,
          vaults_room_fours, nicolae_vaults_tetromino_L_1,
          layout_vaults_maze_snakey, serial_shops, shop, uniq_saint_roka
Vaults:4: portal_desolation_entry_nicolae_slug, grunt_vaults_hallway_long,
          nicolae_vaults_trapezoid_1, grunt_vaults_bifocal, v_misc_11,
          vaults_standard_mumra_x, hangedman_vaults_corner,
          nicolae_vaults_steering_wheel, v_alt_pattern_3, vaults_mumra_hexcomb,
          v_misc_8, ontoclasm_vaults_decontamination,
          nicolae_vaults_storage_room_statues, vaults_room_hallway,
          nicolae_vaults_cochlea, nicolae_vaults_bisected_exclaves,
          nicolae_vaults_little_squares_2, nicolae_vaults_tetromino_T_2,
          layout_vaults_omnibox
Vaults:5
Crypt:1:  ragdoll_tomb_raider, layout_rooms, uniq_jory, uniq_sojobo,
          uniq_margery
Depths:1: layout_forbidden_donut, serial_shops, bzr_firewalk,
          hangedman_tar_grid_catacomb, nicolae_abyss_entry_one_way_or_another,
          drop_trap, patterned_corridor, minmay_shop_grove
Depths:2: minmay_two_paths, layout_cave_pools, hangedman_abyss_entry_splay,
          hell_entry, rand_demon_pan_entry_8,
          nicolae_gozag_cash_rules_everything_around_me
Depths:3: minmay_the_grid_triangle_9x9_rhombus_thin
          [minmay_the_grid_triangle_9x9_warning,
          minmay_the_grid_triangle_9x9_prize_center,
          minmay_the_grid_triangle_9x9_impossible_snake,
          minmay_the_grid_triangle_9x9_checkered], layout_long_grid,
          serial_shops, shop, nzn_hepliaklqana_mist_gate, mu_enter_wizlab_3,
          hell_entry, abyss_entry, nicolae_stop_n_shop_1, uniq_grunn
Depths:4: evilmike_zot_entry_gauntlet, layout_basic, enter_ziggurat_f,
          lightli_too_deep, serial_shops, bzr_entry_water, lemuel_doored_altar,
          nemelex_diamond_rough_becter
Zot:1:    layout_onion_interference, regret_index_zotdec_dark_gr,
          regret_index_zotdec_banners
Zot:2:    layout_onion_interference
Zot:3:    layout_basic
Zot:4:    regret_index_zot_pan_timeshare, layout_gridlike, nicolae_diode_stairs
Zot:5:    layout_twisted_circle, grunt_ministairs_15

Skill      XL: |  1  2  3  4  5  6  7  8  9 10 11 12 13 14 15 16 17 18 19 20 21 22 23 24 25 26 27 |
---------------+----------------------------------------------------------------------------------+-----
Alchemy        | 4 5 6 8 10 11 12 | 12.5
Spellcasting   | 3 5 6 11 14 16 | 16.1
Fire Magic     | 3 |  3.0
Air Magic      | 2 |  2.3
Conjurations   | 2 |  2.7
Fighting       | 3 8 10 11 13 14 15 16 18 19 | 19.8
Dodging        | 5 8 10 11 12 13 14 17 | 17.8
Invocations    | 8 12 14 15 17 18 20 22 | 22.0
Evocations     | 5 |  5.2
Armour         | 5 7 9 12 13 15 16 17 18 19 | 19.2
Shields        | 4 8 |  8.9
Short Blades   | 5 11 14 | 14.0
Ice Magic      | 8 9 |  9.4
Translocations | 8 11 | 11.8
Stealth        | 6 18 | 18.3

Action                     |  1- 3 |  4- 6 |  7- 9 | 10-12 | 13-15 | 16-18 | 19-21 | 22-24 | 25-27 || total
---------------------------+-------+-------+-------+-------+-------+-------+-------+-------+-------++-------
  Melee: Unarmed           |     2 |       |       |       |       |       |       |       |       ||     2
         Short sword       |    11 |       |       |       |       |       |       |       |       ||    11
         Hand axe          |     1 |    10 |       |       |       |       |       |       |       ||    11
         Falchion          |       |    41 |   102 |   279 |   414 |   342 |   434 |       |       ||  1612
         Constrict         |       |       |       |       |   126 |   121 |   140 |   206 |   239 ||   832
         Pair of quick bla |       |       |       |       |       |       |   157 |  3792 |  5430 ||  9379
   Cast: Sting             |    41 |    12 |     1 |       |       |       |     1 |       |       ||    55
         Olgreb's Toxic Ra |       |     3 |    31 |    44 |    31 |    31 |    44 |    28 |       ||   212
         Mercury Vapours   |       |     1 |     1 |       |       |       |       |       |       ||     2
         Mephitic Cloud    |       |     1 |       |     3 |     9 |       |     5 |     2 |     1 ||    21
         Sticky Flame      |       |       |     7 |    53 |     9 |     4 |     7 |     9 |     3 ||    92
         Alistair's Intoxi |       |       |       |       |     1 |     3 |    14 |    18 |    31 ||    67
         Eringya's Noxious |       |       |       |       |     5 |       |     1 |     2 |     1 ||     9
         Ozocubu's Armour  |       |       |       |       |       |       |       |     4 |     1 ||     5
         Sculpt Simulacrum |       |       |       |       |       |       |       |    11 |    25 ||    36
         Irradiate         |       |       |       |       |       |       |       |    11 |    18 ||    29
         Vhi's Electric Ch |       |       |       |       |       |       |       |    28 |   114 ||   142
         Gell's Gavotte    |       |       |       |       |       |       |       |     9 |    15 ||    24
         Blink             |       |       |       |       |       |       |       |     2 |     2 ||     4
         Passage of Golubr |       |       |       |       |       |       |       |       |     1 ||     1
         Yara's Violent Un |       |       |       |       |       |       |       |       |     1 ||     1
 Invoke: Light the Black T |       |       |       |     4 |    10 |     7 |     8 |     6 |    15 ||    50
         Recall Undead Har |       |       |       |     1 |       |       |     4 |     1 |       ||     6
         Hurl Torchlight   |       |       |       |       |    11 |    17 |    13 |     9 |       ||    50
         Bind Soul         |       |       |       |       |       |     2 |     2 |     4 |     3 ||    11
         Fathomless Shackl |       |       |       |       |       |       |     2 |     2 |     2 ||     6
Ability: Spit Poison       |    17 |    17 |     3 |       |     1 |       |       |       |       ||    38
  Evoke: Wand              |       |       |     2 |       |     7 |       |       |       |     6 ||    15
         Lightning rod     |       |       |       |       |       |       |     4 |     8 |     4 ||    16
         Condenser vane    |       |       |       |       |       |       |       |     1 |     1 ||     2
         Sack of spiders   |       |       |       |       |       |       |       |       |     2 ||     2
         Phantom mirror    |       |       |       |       |       |       |       |       |     1 ||     1
    Use: Scroll            |       |       |     8 |     7 |    15 |     2 |     1 |     8 |     4 ||    45
         Potion            |       |       |       |     4 |     3 |     2 |       |     2 |    17 ||    28
   Stab: Sleeping          |     1 |     2 |     2 |     3 |     8 |     5 |     3 |     5 |    22 ||    51
         Distracted        |       |       |       |     1 |     5 |    15 |     9 |    28 |    60 ||   118
         Confused          |       |       |       |     1 |     4 |     1 |     5 |    17 |    68 ||    96
         Invisible         |       |       |       |       |     1 |       |       |       |       ||     1
         Held in net/web   |       |       |       |       |       |       |    11 |       |       ||    11
         Paralysed         |       |       |       |       |       |       |       |       |     5 ||     5
 Armour: Robe              |     8 |    32 |   119 |   316 |   103 |       |       |       |       ||   578
         Ring mail         |       |       |       |       |   271 |   294 |   526 |       |       ||  1091
         Scale mail        |       |       |       |       |       |       |    15 |   132 |       ||   147
         Troll leather arm |       |       |       |       |       |       |       |   561 |  1101 ||  1662
  Dodge: Dodged            |     6 |    19 |    73 |   321 |   502 |   547 |   616 |  1001 |   857 ||  3942
         Repelled          |       |       |       |       |       |       |       |       |    88 ||    88
  Block: Buckler           |       |       |       |       |    53 |   148 |   172 |       |       ||   373
         Reflection        |       |       |       |       |     4 |     3 |    11 |       |       ||    18
         Kite shield       |       |       |       |       |       |       |   112 |       |       ||   112

Table legend: (Time is in decaauts)
 A = Elapsed time spent in this place.
 B = Non-inter-level travel time spent in this place.
 C = Inter-level travel time spent in this place.
 D = Time resting spent in this place.
 E = Time spent auto-exploring this place.
 F = Levels seen in this place.
 G = Mean time per level.
                   A        B        C        D        E       F      G
               +--------+--------+--------+--------+--------+-----+--------+
         Total |  74736 |  67197 |   7539 |   7101 |  43095 |  61 | 1225.2 |
       Dungeon |  20446 |  17653 |   2793 |   1339 |  12797 |  15 | 1363.1 |
        Temple |      1 |      0 |      1 |      0 |      0 |   1 |    1.0 |
          Lair |   8209 |   7608 |    601 |    794 |   5409 |   5 | 1641.8 |
        Shoals |   3764 |   3636 |    128 |    500 |   1853 |   4 |  941.0 |
   Spider Nest |   5762 |   5381 |    381 |    535 |   3504 |   4 | 1440.5 |
  Orcish Mines |   2021 |   1880 |    141 |    164 |   1085 |   2 | 1010.5 |
   Elven Halls |   4723 |   4451 |    272 |    545 |   2830 |   3 | 1574.3 |
        Vaults |  11121 |   9350 |   1771 |    647 |   5821 |   5 | 2224.2 |
         Crypt |   1171 |   1158 |     13 |     18 |    803 |   1 | 1171.0 |
        Depths |   6580 |   5709 |    871 |    106 |   4027 |   4 | 1645.0 |
           Zot |   7455 |   6891 |    564 |   1504 |   3706 |   5 | 1491.0 |
      Ziggurat |    623 |    623 |      0 |    280 |      0 |   6 |  103.8 |
        Bazaar |    816 |    816 |      0 |      0 |    663 |   2 |  408.0 |
        Bailey |    567 |    567 |      0 |    307 |     62 |   1 |  567.0 |
      Ice Cave |    299 |    299 |      0 |    185 |      0 |   1 |  299.0 |
       Volcano |    476 |    476 |      0 |    175 |     58 |   1 |  476.0 |
        Wizlab |    697 |    697 |      0 |      0 |    472 |   1 |  697.0 |
               +--------+--------+--------+--------+--------+-----+--------+

Top non-repeatable levels by time:
Vaults:5: 2848 daAuts
   Elf:3: 2605 daAuts
Vaults:3: 2590 daAuts
   Zot:4: 2561 daAuts
  Lair:5: 2442 daAuts
Depths:4: 2356 daAuts
Vaults:1: 2110 daAuts
Vaults:2: 2054 daAuts
     D:9: 1997 daAuts
    D:14: 1962 daAuts
    D:11: 1877 daAuts
Spider:1: 1755 daAuts
  Lair:4: 1748 daAuts
Spider:3: 1638 daAuts
  Lair:3: 1631 daAuts

Levels and vault maps discovered:
D:1:      dpeg_arrival_windows_large_door, layout_loops_ring,
          minmay_fountain_box, amcnicky_mini_pool_small
D:2:      minmay_roachtagon, layout_basic, kennysheep_generic_room_2
D:3:      layout_rooms, minmay_misc_feat_five, minmay_ogre_servants,
          uniq_jessica, uniq_ijyb, uniq_natasha
D:4:      layout_cave_pools, ebering_ghost_inner_flame, skrybe_limestone_x,
          cheibrodos_gnoll_hut
D:5:      layout_cave_pools, chequers_serial_rivers_small_3, uniq_eustachio
D:6:      layout_loops_ring, temple_doors_e, minmay_mini_ossuary
D:7:      layout_loops_cross, makhleb_grotto_becter, mainiacjoe_overflow_paths,
          enter_bailey_2, corexii_item_surrounded_by_moat,
          corexii_leaking_fountain
D:8:      minmay_slanted_spiral_squares, layout_basic
D:9:      minmay_recursive_quarters, layout_loops_cross, david_orc_3,
          serial_shops, shop, roderic_serpentine_path, uniq_grum
D:10:     layout_basic, grunt_temple_overflow_open, library_closet, hex_tiny
D:11:     minmay_chambers_of_sixes, layout_rooms, erik_lair_dragon,
          doesnt_shop_hydraphobe
D:12:     nicolae_cairo_tiling_large_dashed, layout_stronghold,
          nicolae_looking_at_the_future
D:13:     layout_long_grid, hangedman_decor_points, tso_metal_star, uniq_snorg
D:14:     layout_loops_cross, david_vaults_4, serial_shops,
          nicolae_shop_back_alley_shop, shop, minmay_misc_feat_enclosed,
          nicolae_hexahallways
D:15:     hellmonk_depths_entry_around_the_bend, layout_irregular_city,
          serial_park_gazebo [serial_park_minivault_5x5_6], uniq_agnes,
          uniq_azrael, uniq_kirke
Temple:   minmay_temple_curvy_branch
Lair:1:   layout_loops_ring, chequers_serial_rivers_large_a, st_stairs_10
Lair:2:   layout_regular_city, elwin_shoals_entry_stream,
          hellmonk_spider_entry_life_and_decay, uniq_fannar, uniq_maggie
Lair:3:   layout_concentric_octagons, gammafunk_ghost_wrathful_warriors,
          bobbens_dragon_lair_wall
Lair:4:   layout_loops_ring, minmay_slime_entry_pillars,
          hangedman_lair_unloving_vines, grunt_megastairs_3
Lair:5:   cheibrodos_lair_end_hotspot, layout_cave_pods, enter_volcano_4
Shoals:1: cheibrodos_shoals_three_sisters, layout_shoals, uniq_mlioglotl
Shoals:2: layout_shoals, nicolae_shoals_lost_giant_pillars
Shoals:3: layout_shoals, serial_shops, shop, nicolae_shoals_bring_sunscreen
Shoals:4: shoals_end_hellmonk_holy_island
Spider:1: nicolae_spider_hilbert_zone_1 [nicolae_spider_hilbert_4_sides_1_open,
          nicolae_spider_hilbert_4_sides_1_open,
          nicolae_spider_hilbert_4_sides_1_open,
          nicolae_spider_hilbert_4_sides_1_open,
          nicolae_spider_hilbert_3_sides_1_open,
          nicolae_spider_hilbert_3_sides_1_open,
          nicolae_spider_hilbert_3_sides_1_open,
          nicolae_spider_hilbert_3_sides_1_open,
          nicolae_spider_hilbert_3_sides_1_open,
          nicolae_spider_hilbert_6_sides_1_open,
          nicolae_spider_hilbert_6_sides_1_open,
          nicolae_spider_hilbert_3_sides_1_open,
          nicolae_spider_hilbert_3_sides_1_open,
          nicolae_spider_hilbert_3_sides_1_open,
          nicolae_spider_hilbert_3_sides_1_open,
          nicolae_spider_hilbert_2_sides_1_open]
Spider:2: layout_spider_delve, gammafunk_ghost_split
Spider:3: layout_spider_delve, nicolae_spider_jagged_tunnels, uniq_nikola,
          uniq_arachne, uniq_mara
Spider:4: hellmonk_spider_rune_endless_swarm, uniq_asterion
Orc:1:    layout_caves
Orc:2:    st_orc_ogre_mass, layout_diamond_mine, portal_ice_cave_entry_pillars_2
Elf:1:    layout_loops_cross, serial_shops, nicolae_shop_real_fake_doors,
          guppyfry_elf_altar, grunt_ministairs_8, minivault_14
Elf:2:    elven_hall_of_blades_hangedman_original [grunt_blade_entry_basic],
          layout_onion_city
Elf:3:    minmay_elf_hall_not_hex, layout_loops_corners, uniq_louise
Vaults:1: nicolae_vaults_trapezoid_layered, vaults_dpeg_hooks, minmay_orc_keep,
          vaults_dpeg_ring, nicolae_vaults_trapezoid_2, nicolae_vaults_house_3,
          v_misc_12, layout_vaults_omnigrid
Vaults:2: nicolae_vaults_quartermaster, v_rooms_1,
          nicolae_vaults_storage_closets_3, grunt_vaults_hallway_long,
          vaults_room_hallway, nicolae_vaults_tetromino_T_2,
          nicolae_vaults_two_Ls, dpeg_vaults_monster_box,
          nicolae_vaults_shelves_hall, nicolae_vaults_six-pack,
          layout_vaults_chaotic_city
Vaults:3: nicolae_vaults_hallways_thing, st_greater_box_3,
          nicolae_vaults_wine_cellar, minmay_crypt_entry_vampire_xt,
          grunt_vaults_hallway_short, nicolae_vaults_variable_pillar_hall,
          nicolae_vaults_trapezoid_lopsided_4, nicolae_vaults_hexular_roomagon,
          vaults_room_fours, nicolae_vaults_tetromino_L_1,
          layout_vaults_maze_snakey, serial_shops, shop, uniq_saint_roka
Vaults:4: portal_desolation_entry_nicolae_slug, grunt_vaults_hallway_long,
          nicolae_vaults_trapezoid_1, grunt_vaults_bifocal, v_misc_11,
          vaults_standard_mumra_x, hangedman_vaults_corner,
          nicolae_vaults_steering_wheel, v_alt_pattern_3, vaults_mumra_hexcomb,
          v_misc_8, ontoclasm_vaults_decontamination,
          nicolae_vaults_storage_room_statues, vaults_room_hallway,
          nicolae_vaults_cochlea, nicolae_vaults_bisected_exclaves,
          nicolae_vaults_little_squares_2, nicolae_vaults_tetromino_T_2,
          layout_vaults_omnibox
Vaults:5
Crypt:1:  ragdoll_tomb_raider, layout_rooms, uniq_jory, uniq_sojobo,
          uniq_margery
Depths:1: layout_forbidden_donut, serial_shops, bzr_firewalk,
          hangedman_tar_grid_catacomb, nicolae_abyss_entry_one_way_or_another,
          drop_trap, patterned_corridor, minmay_shop_grove
Depths:2: minmay_two_paths, layout_cave_pools, hangedman_abyss_entry_splay,
          hell_entry, rand_demon_pan_entry_8,
          nicolae_gozag_cash_rules_everything_around_me
Depths:3: minmay_the_grid_triangle_9x9_rhombus_thin
          [minmay_the_grid_triangle_9x9_warning,
          minmay_the_grid_triangle_9x9_prize_center,
          minmay_the_grid_triangle_9x9_impossible_snake,
          minmay_the_grid_triangle_9x9_checkered], layout_long_grid,
          serial_shops, shop, nzn_hepliaklqana_mist_gate, mu_enter_wizlab_3,
          hell_entry, abyss_entry, nicolae_stop_n_shop_1, uniq_grunn
Depths:4: evilmike_zot_entry_gauntlet, layout_basic, enter_ziggurat_f,
          lightli_too_deep, serial_shops, bzr_entry_water, lemuel_doored_altar,
          nemelex_diamond_rough_becter
Zot:1:    layout_onion_interference, regret_index_zotdec_dark_gr,
          regret_index_zotdec_banners
Zot:2:    layout_onion_interference
Zot:3:    layout_basic
Zot:4:    regret_index_zot_pan_timeshare, layout_gridlike, nicolae_diode_stairs
Zot:5:    layout_twisted_circle, grunt_ministairs_15

Table legend: (Time is in decaauts)
 A = Elapsed time spent in this place.
 B = Non-inter-level travel time spent in this place.
 C = Inter-level travel time spent in this place.
 D = Time resting spent in this place.
 E = Time spent auto-exploring this place.
 F = Levels seen in this place.
 G = Mean time per level.
                   A        B        C        D        E       F      G
               +--------+--------+--------+--------+--------+-----+--------+
         Total |  74736 |  67197 |   7539 |   7101 |  43095 |  61 | 1225.2 |
       Dungeon |  20446 |  17653 |   2793 |   1339 |  12797 |  15 | 1363.1 |
        Temple |      1 |      0 |      1 |      0 |      0 |   1 |    1.0 |
          Lair |   8209 |   7608 |    601 |    794 |   5409 |   5 | 1641.8 |
        Shoals |   3764 |   3636 |    128 |    500 |   1853 |   4 |  941.0 |
   Spider Nest |   5762 |   5381 |    381 |    535 |   3504 |   4 | 1440.5 |
  Orcish Mines |   2021 |   1880 |    141 |    164 |   1085 |   2 | 1010.5 |
   Elven Halls |   4723 |   4451 |    272 |    545 |   2830 |   3 | 1574.3 |
        Vaults |  11121 |   9350 |   1771 |    647 |   5821 |   5 | 2224.2 |
         Crypt |   1171 |   1158 |     13 |     18 |    803 |   1 | 1171.0 |
        Depths |   6580 |   5709 |    871 |    106 |   4027 |   4 | 1645.0 |
           Zot |   7455 |   6891 |    564 |   1504 |   3706 |   5 | 1491.0 |
      Ziggurat |    623 |    623 |      0 |    280 |      0 |   6 |  103.8 |
        Bazaar |    816 |    816 |      0 |      0 |    663 |   2 |  408.0 |
        Bailey |    567 |    567 |      0 |    307 |     62 |   1 |  567.0 |
      Ice Cave |    299 |    299 |      0 |    185 |      0 |   1 |  299.0 |
       Volcano |    476 |    476 |      0 |    175 |     58 |   1 |  476.0 |
        Wizlab |    697 |    697 |      0 |      0 |    472 |   1 |  697.0 |
               +--------+--------+--------+--------+--------+-----+--------+

Top non-repeatable levels by time:
Vaults:5: 2848 daAuts
   Elf:3: 2605 daAuts
Vaults:3: 2590 daAuts
   Zot:4: 2561 daAuts
  Lair:5: 2442 daAuts
Depths:4: 2356 daAuts
Vaults:1: 2110 daAuts
Vaults:2: 2054 daAuts
     D:9: 1997 daAuts
    D:14: 1962 daAuts
    D:11: 1877 daAuts
Spider:1: 1755 daAuts
  Lair:4: 1748 daAuts
Spider:3: 1638 daAuts
  Lair:3: 1631 daAuts

Table legend:
 A = Kills in this place as a percentage of kills in the entire game.
 B = Kills by you in this place as a percentage of kills by you in the entire game.
 C = Kills by friends in this place as a percentage of kills by friends in the entire game.
 D = Other kills in this place as a percentage of other kills in the entire game.
 E = Experience gained in this place as a percentage of experience gained in the entire game.
 F = Experience gained in this place divided by the number of levels of this place that you have seen.
                   A       B       C       D       E      F
               +-------+-------+-------+-------+-------+----------------------
         Total | 100.0 | 100.0 | 100.0 | 100.0 | 100.0 | 25208.5
       Dungeon |  19.0 |  28.2 |   6.1 |   2.9 |   5.4 | 5547.2
          Lair |   7.1 |   6.2 |   7.7 |  26.5 |   3.2 | 9877.2
        Shoals |   7.8 |   4.1 |  13.5 |   2.9 |   6.8 | 26207.8
   Spider Nest |  10.6 |   8.1 |  14.6 |   2.9 |   8.0 | 30880.5
  Orcish Mines |   4.8 |   5.2 |   4.4 |   0.0 |   2.0 | 15716.5
   Elven Halls |   4.6 |   5.2 |   3.7 |   8.8 |   5.3 | 27227.7
        Vaults |  17.1 |  10.9 |  26.2 |  20.6 |  21.5 | 66199.8
         Crypt |   3.0 |   3.1 |   3.0 |   0.0 |   3.7 | 57017.0
        Depths |  10.6 |  12.8 |   6.8 |  23.5 |  15.8 | 60562.5
           Zot |  10.1 |  11.0 |   8.9 |   2.9 |  22.5 | 69253.6
      Ziggurat |   1.9 |   1.6 |   2.4 |   2.9 |   3.5 | 9040.8
        Bailey |   1.2 |   1.9 |   0.0 |   2.9 |   0.1 | 2265.0
      Ice Cave |   0.3 |   0.4 |   0.3 |   0.0 |   0.1 | 2193.0
       Volcano |   0.6 |   0.3 |   0.9 |   2.9 |   0.4 | 5899.0
        Wizlab |   1.2 |   1.1 |   1.6 |   0.0 |   1.5 | 22520.0
               +-------+-------+-------+-------+-------+----------------------
